 Dungeon Crawl Stone Soup version 0.30-a0-737-gf23d94013f (webtiles) character file.

Game seed: 8596078280691736027

1198 holysushi the Carver (level 8, 0/52 HPs)
             Began as an Octopode Monk on Feb 2, 2023.
             Was an Initiate of Gozag.
             Succumbed to a water moccasin's poison
             ... on level 6 of the Dungeon.
             The game lasted 00:09:19 (6085 turns).

holysushi the Carver (Octopode Monk)                Turns: 6085, Time: 00:09:20

Health: 0/52       AC:  1    Str: 10    XL:     8   Next: 44%
Magic:  4/8        EV: 15    Int: 13    God:    Gozag
Gold:   597        SH:  0    Dex: 16    Spells: 7/7 levels left

rFire   . . .      SeeInvis .    a - +1 falchion (chaos)
rCold   + + .      Faith    .    (no shield)
rNeg    + . .      Spirit   +    (helmet restricted)
rPois   .          Reflect  .    q - amulet of guardian spirit
rElec   .          Harm     .    m - ring of positive energy
rCorr   .          Rampage  .    n - ring of protection from cold
Will    .....      Rage     3%   (no ring)
Stlth   +++                      (no ring)
HPRegen 0.28/turn                (no ring)
MPRegen 0.11/turn                (no ring)
                                 (no ring)
                                 (no ring)

@: lethally poisoned (0 -> -17), invisible
A: almost no armour, amphibious, 8 rings, camouflage 1, gelatinous body 1,
(nimble swimmer 1), tentacles, berserk 1, cold resistance 1, subdued magic 1
a: Renounce Religion, Potion Petition, Call Merchant, Bribe Branch


You were on level 6 of the Dungeon.
You worshipped Gozag.
Gozag was pleased with you.
You visited 2 branches of the dungeon, and saw 7 of its levels.

You collected 597 gold pieces.

Inventory:

Hand Weapons
 a - a +1 falchion of chaos (weapon)
 o - a +0 heavy long sword
Missiles
 c - a throwing net (quivered)
Jewellery
 k - a ring of fire
 m - a ring of positive energy (left tentacle)
 n - a ring of protection from cold (right tentacle)
 q - an amulet of guardian spirit (around mantle)
Scrolls
 b - 2 scrolls of immolation
 e - 2 scrolls of magic mapping
 g - 3 scrolls of identify
 h - 5 scrolls of teleportation
 j - a scroll of enchant armour
 r - a scroll of amnesia
Potions
 i - 2 potions of haste


   Skills:
 - Level 3.0 Fighting
 + Level 9.3 Long Blades
 + Level 5.3 Dodging
 - Level 2.6 Stealth


You had 7 spell levels left.
You didn't know any spells.
Your spell library contained the following spells:

 Spells                   Type           Power      Damage    Failure   Level
 Apportation              Tloc           0%         N/A       26%         1
 Necrotise                Necr           0%         1d4       26%         1
 Summon Small Mammal      Summ           0%         N/A       26%         1
 Ignite Poison            Fire/Tmut/Pois 0%         N/A       63%         3
 Sticky Flame             Conj/Fire      0%         2d3       96%         4
 Ignition                 Fire           0%         3d3       100%        8


Dungeon Overview and Level Annotations

Branches:
Dungeon (6/15) Zot: 26541  Temple (1/1) D:4 Zot: 5934

Altars:
Ashenzari
Cheibriados
Dithmenos
Elyvilon
Fedhas
Gozag
Hepliaklqana
Kikubaaqudgha
Makhleb
Okawaru
Qazlal
Ru
Sif Muna
Trog
Uskayaw
Vehumet
Wu Jian
Xom
Yredelemnul
Zin
The Shining One

Shops:
D:5 *


Innate Abilities, Weirdness & Mutations

You cannot wear most types of armour.
You are amphibious.
You can wear up to eight rings at the same time.
Your skin changes colour to match your surroundings (Stealth+).
Your rubbery body absorbs attacks. (AC +1, EV +1)
((You are camouflaged when in or above water. (Stealth+)))
You have tentacles for arms and can constrict up to eight enemies at once.
You sometimes lose your temper in combat.
Your flesh is cold resistant. (rC+)
Your spells are a little easier to cast, but a little less powerful.


Message History

You hit the water moccasin. You burn the water moccasin.
The water moccasin is moderately wounded.
You constrict the water moccasin, but do no damage.
You feel sick. The water moccasin bites you.
You are more poisoned.
The water moccasin poisons you!
You hit the water moccasin but do no damage.
The water moccasin is moderately wounded.
You constrict the water moccasin.
You feel very sick. The water moccasin bites you!
You are more poisoned.
The water moccasin poisons you!
You hit the water moccasin. You drain the water moccasin.
You squeeze the water moccasin.
The water moccasin is severely wounded.
You constrict the water moccasin.
* * * LOW HITPOINT WARNING * * *
You feel very sick. The water moccasin misses you. x2
Okay, then.
You aren't carrying any items that you can evoke.
Unknown command.
As you read the scroll of fear, it crumbles to dust.
You assume a fearsome visage.
The water moccasin looks frightened!
You constrict the water moccasin.
* * * LOW HITPOINT WARNING * * *
You feel very sick.
The water moccasin escapes!
You aren't carrying any items that you can evoke.
Unknown command.
Really quaff the potion of mutation?
You feel extremely strange.
You feel a little pissed off.
Your connection to magic feels subdued.
You feel resistant to cold.
* * * LOW HITPOINT WARNING * * *
You feel very sick.
You fade into invisibility!
You die...
Your body crumbles into a pile of gold.

## .........+ .. ..
.........####.#### ..#
.............. #######.#
.....>...# #.. .......S#
#.##.....#.#.#
........#.#.##.....#.#.#
........#.#.##....>#.#..
.......@#....'.....#....
.##.#.#.###.##.....#....
# #.# #.##.....#....
##.#.#.###.####'#.#....
............####........
..#.#.#.#####....#.#....
#.#............#.... #
#######....####### $
#....#


You could see a water moccasin (unable to see you, fleeing, drained).

Vanquished Creatures
  Menkaure (D:4)
  An ogre (D:4)
  2 centaurs (D:5)
  A scorpion (D:4)
  3 hounds
  A jelly (D:5)
  7 orc priests
  6 orc wizards
  An iguana (D:4)
  A hound zombie (D:4)
  A hound skeleton (D:4)
  6 gnolls (D:5)
  A howler monkey skeleton (D:4)
  8 adders
  2 worms
  A dart slug (D:5)
  19 orcs
  7 ball pythons
  5 endoplasms
  4 giant cockroaches
  8 goblins
  10 hobgoblins
  4 jackals
  3 kobolds
  2 quokkas (D:4)
  6 bats
  A frilled lizard (D:3)
  2 rats (D:1)
114 creatures vanquished.

Notes
Turn   | Place    | Note
-------+----------+-------------------------------------------
     0 | D:1      | holysushi the Octopode Monk began the quest for the Orb.
     0 | D:1      | Reached XP level 1. HP: 16/16 MP: 1/1
   291 | D:1      | Reached XP level 2. HP: 20/21 MP: 2/2
   989 | D:2      | Reached skill level 4 in Long Blades
   989 | D:2      | Reached XP level 3. HP: 26/26 MP: 3/3
   991 | D:2      | Found a burning altar of Makhleb.
  1520 | D:3      | Reached XP level 4. HP: 31/31 MP: 4/4
  1563 | D:3      | Reached skill level 5 in Long Blades
  1685 | D:3      | Reached XP level 5. HP: 24/36 MP: 5/5
  2007 | D:4      | Reached skill level 6 in Long Blades
  2225 | D:4      | Reached XP level 6. HP: 32/42 MP: 3/6
  2301 | D:4      | Found a burning altar of Makhleb.
  2368 | D:4      | Found a transporter.
  2371 | D:4      | Found a transporter.
  2421 | D:4      | HP: 1/42 [orc/+0 hand axe (4)]
  2767 | D:4      | Found an ancient bone altar of Kikubaaqudgha.
  2788 | D:4      | Noticed Menkaure
  2794 | D:4      | Found a basalt altar of Yredelemnul.
  2902 | D:3      | Reached skill level 7 in Long Blades
  2902 | D:3      | Reached XP level 7. HP: 27/46 MP: 2/7
  3121 | D:4      | Found a staircase to the Ecumenical Temple.
  3246 | Temple   | Entered the Ecumenical Temple
  3302 | Temple   | Became a worshipper of Gozag Ym Sagoz the Greedy
  3718 | D:4      | Killed Menkaure
  3801 | D:4      | Identified the +1 chain mail of the Wumpus {Dex+3}
  3856 | D:5      | Entered Level 5 of the Dungeon
  3856 | D:5      | Found Pidaus's Overcharged Wands.
  3864 | D:5      | Reached skill level 5 in Dodging
  4511 | D:5      | Reached skill level 8 in Long Blades
  4600 | D:5      | Reached XP level 8. HP: 35/52 MP: 4/8
  4971 | D:5      | Reached skill level 9 in Long Blades
  4972 | D:5      | HP: 2/52 [poisoned by a centaur]
  5655 | D:6      | Found a stormy altar of Qazlal.
  6084 | D:6      | Gained mutation: You sometimes lose your temper in combat.
                  | [potion of mutation]
  6084 | D:6      | Gained mutation: Your spells are a little easier to cast,
                  | but a little less powerful. [potion of mutation]
  6084 | D:6      | Gained mutation: Your flesh is cold resistant. (rC+)
                  | [potion of mutation]
  6085 | D:6      | Succumbed to a water moccasin's poison

Illustrated notes

Levels and vault maps discovered:
D:1:      dpeg_arrival_signposts, layout_loops_ring
D:2:      layout_rooms, basic_altar, nicolae_figureground_pulse
D:3:      layout_rooms, minmay_box_of_dots
D:4:      layout_basic, mainiacjoe_overflow_24_doors,
          gammafunk_temple_of_torment, minmay_temple_entry_drinking_statues
D:5:      layout_basic, nicolae_shop_overcharged_wands
D:6:      layout_basic, old_standard_altar, kennysheep_potato
Temple:   nicolae_temple_two_arcs

Skill      XL: |  1  2  3  4  5  6  7  8 |
---------------+-------------------------+-----
Long Blades    | 4 5 6 7 8 9 |  9.3
Dodging        | 4 5 |  5.3
Fighting       | |  3.0
Stealth        | |  2.6

Action                     |  1- 3 |  4- 6 |  7- 9 || total
---------------------------+-------+-------+-------++-------
  Melee: Falchion          |    52 |    97 |   119 ||   268
         Tentacles         |    11 |    20 |    31 ||    62
         Constrict         |     9 |    23 |    31 ||    63
         Punch             |       |     2 |     3 ||     5
    Use: Scroll            |     7 |     9 |     3 ||    19
         Potion            |       |     5 |     4 ||     9
   Stab: Sleeping          |    10 |     5 |       ||    15
         Petrified         |       |       |     3 ||     3
         Distracted        |       |       |     1 ||     1
 Armour: Skin              |     2 |     3 |     4 ||     9
  Dodge: Dodged            |    31 |    50 |    91 ||   172

Table legend: (Time is in decaauts)
 A = Elapsed time spent in this place.
 B = Non-inter-level travel time spent in this place.
 C = Inter-level travel time spent in this place.
 D = Time resting spent in this place.
 E = Time spent auto-exploring this place.
 F = Levels seen in this place.
 G = Mean time per level.
                   A        B        C        D        E       F      G
               +--------+--------+--------+--------+--------+-----+--------+
         Total |   6037 |   5773 |    264 |   1303 |   3149 |   7 |  862.4 |
       Dungeon |   5971 |   5715 |    256 |   1303 |   3105 |   6 |  995.2 |
        Temple |     65 |     58 |      7 |      0 |     44 |   1 |   65.0 |
               +--------+--------+--------+--------+--------+-----+--------+

Top non-repeatable levels by time:
     D:4: 1969 daAuts
     D:5: 1209 daAuts
     D:1: 893 daAuts
     D:3: 723 daAuts
     D:2: 717 daAuts
     D:6: 458 daAuts
  Temple: 65 daAuts
